Map: Disco Bloodbath LE

Players

EnTaroGeoff - Winner!

  • Race: Terran Terran
  • League: Diamond
  • Spawn Location: 3:00

pHARM

  • Race: Zerg Zerg
  • League: Platinum
  • Spawn Location: 9:00

VOD

Have the link to the VOD?

Description

Time

  • Played on: Sept. 13, 2019, 11:17 p.m.
  • Length: 20:26
Show
View Real Time Build Order
Export as new Build Order

EnTaroGeoff Terran - Winner!

Build Orders: Hellion Opening, Reaper Expand 

Get SALT Encoding   

  12  0:01  SCV  
  13  0:13  SCV  
  14  0:17  Supply Depot  
  14  0:25  SCV  
  15  0:39  SCV  
  15  0:40  Barracks  
  16  0:45  Refinery  
  16  0:51  SCV  
  17  1:03  SCV  
  18  1:15  SCV  
  19  1:27  Orbital Command  
  19  1:30  Reaper  
  20  1:40  Command Center  
  20  1:49  Supply Depot  
  20  1:55  SCV  
  21  2:02  Marine  
  21  2:08  SCV  
  23  2:12  Factory  
  23  2:20  SCV, Refinery  
  24  2:25  Barracks Reactor  
  24  2:31  Bunker  
  24  2:36  SCV  
  25  2:48  SCV  
  26  3:00  SCV  
  27  3:08  Hellion x2  
  27  3:09  Orbital Command, Barracks Tech Lab  
  31  3:12  SCV  
  32  3:32  Hellion  
  32  3:33  Hellion  
  36  3:37  SCV x2, Starport  
  38  3:49  SCV x2  
  38  3:55  Supply Depot, Hellion x2  
  44  4:01  SCV  
  45  4:07  Barracks Tech Lab  
  45  4:13  SCV  
  46  4:17  Hellion x2, Fusion Core  
  46  4:21  Armory  
  46  4:23  SCV  
  51  4:26  Supply Depot x2  
  51  4:38  Viking  
  53  4:48  Hellion x2  
  50  5:03  SCV  
  51  5:08  Refinery  
  51  5:09  Hellion x2, Refinery  
  51  5:11  Command Center  
  55  5:15  SCV  
  56  5:22  Battlecruiser  
  62  5:29  Weapon Refit  
  62  5:31  Hellion  
  64  5:50  Starport  
  64  5:55  SCV  
  65  5:57  Command Center, SCV  
  66  6:07  SCV  
  66  6:09  SCV  
  68  6:20  SCV  
  68  6:21  SCV  
  70  6:26  Battlecruiser  
  70  6:27  Terran Ship Weapons Level 1  
  70  6:32  SCV  
  77  6:38  SCV  
  78  6:44  Command Center, SCV  
  78  6:45  Supply Depot  
  79  6:49  Engineering Bay  
  79  6:50  SCV  
  80  6:56  SCV  
  79  7:13  SCV  
  80  7:16  Orbital Command  
  80  7:22  SCV  
  82  7:23  Planetary Fortress  
  81  7:37  SCV  
  81  7:38  SCV  
  83  7:45  Battlecruiser x2  
  95  8:00  Hellion x2  
  99  8:06  Refinery  
  99  8:09  Refinery  
  99  8:17  SCV  
  101  8:20  SCV  
  101  8:21  Hellion  
  101  8:25  Orbital Command  
  103  8:42  SCV x4  
  103  8:47  Command Center  
  103  8:48  Command Center  
  107  8:49  Battlecruiser x2  
  105  9:10  Missile Turret  
  105  9:13  Missile Turret  
  105  9:20  Missile Turret  
  105  9:21  Terran Ship Weapons Level 2  
  105  9:28  Armory  
  105  9:30  Missile Turret  
  105  9:37  Missile Turret  
  105  9:39  Missile Turret  
  105  9:41  Missile Turret  
  105  9:43  Hi-Sec Auto Tracking  
  105  9:44  Orbital Command  
  105  9:48  Missile Turret  
  105  9:53  Battlecruiser  
  105  9:54  Battlecruiser  
  117  10:01  Orbital Command  
  117  10:02  Orbital Command  
  117  10:03  Refinery  
  117  10:04  Refinery  
  117  10:12  SCV x5  
  122  10:23  Missile Turret  
  122  10:24  SCV x2  
  122  10:27  Missile Turret  
  122  10:28  Missile Turret  
  124  10:43  Terran Vehicle And Ship Armor Level 1  
  124  10:44  Missile Turret  
  124  10:47  Starport  
  124  10:48  Missile Turret  
  124  10:49  Starport, Missile Turret, Advanced Ballistics  
  122  11:18  Battlecruiser  
  122  11:19  Battlecruiser  
  134  11:52  Starport Tech Lab x2  
  133  12:13  Terran Ship Weapons Level 3  
  133  12:16  Battlecruiser x2  
  133  12:18  Orbital Command  
  145  12:23  Battlecruiser  
  151  12:37  Missile Turret  
  151  12:38  Refinery  
  151  12:39  Missile Turret  
  151  12:40  Missile Turret  
  151  12:42  Missile Turret  
  151  12:45  Missile Turret  
  151  12:46  Refinery  
  151  12:48  Missile Turret  
  151  12:50  Missile Turret  
  151  12:52  Missile Turret  
  151  12:55  Missile Turret  
  151  12:57  Missile Turret  
  151  13:05  Missile Turret  
  151  13:29  Missile Turret  
  151  13:38  Battlecruiser  
  151  13:40  Battlecruiser  
  151  13:49  Missile Turret  
  151  14:03  Starport  
  151  14:06  Starport  
  151  14:08  Missile Turret  
  151  14:27  Missile Turret  
  151  14:39  Orbital Command  
  151  14:41  Starport  
  151  14:47  Missile Turret  
  151  14:48  Command Center  
  151  14:53  Command Center  
  151  14:54  Command Center  
  151  15:07  Command Center, Missile Turret  
  151  15:20  Battlecruiser  
  153  15:21  Battlecruiser  
  153  15:38  Starport Tech Lab x3  
  153  15:42  Battlecruiser  
  153  16:00  Battlecruiser  
  159  16:06  SCV x2  
  159  16:07  SCV  
  159  16:08  Refinery  
  159  16:09  Battlecruiser  
  159  16:10  Refinery, Battlecruiser x2  
  180  16:11  Terran Vehicle And Ship Armor Level 2  
  180  16:13  Terran Vehicle Weapons Level 1  
  180  16:18  Hellion x2  
  184  16:20  Command Center  
  184  16:24  Battlecruiser  
  196  16:25  Battlecruiser  
  196  16:36  Barracks  
  196  16:39  Hellion x2  
  200  16:48  Missile Turret  
  200  16:52  Missile Turret x2  
  200  16:55  Missile Turret  
  200  17:10  Missile Turret  
  200  17:11  Planetary Fortress x2  
  200  17:12  Missile Turret  
  200  17:18  Planetary Fortress  
  200  17:22  Orbital Command  
  200  17:31  Missile Turret  
  200  17:33  Missile Turret  
  182  17:52  Battlecruiser  
  182  17:53  Missile Turret, Battlecruiser x2  
  182  17:54  Missile Turret  
  200  18:14  Missile Turret  
  200  18:18  Missile Turret  
  200  18:19  Battlecruiser  
  200  18:20  Battlecruiser x2  
  179  18:34  Missile Turret  
  173  18:43  Battlecruiser  
  179  18:57  Battlecruiser x3  
  188  19:37  Hellion x2  
  183  19:58  Hellion x2  
Show
View Real Time Build Order
Export as new Build Order

pHARM Zerg 

Build Orders: Hatch First 

Get SALT Encoding   

  12  0:01  Drone  
  13  0:13  Overlord  
  13  0:17  Drone  
  14  0:31  Drone  
  14  0:32  Drone  
  16  0:51  Hatchery  
  16  0:55  Drone  
  16  0:56  Drone  
  17  1:01  Drone  
  18  1:15  Spawning Pool  
  18  1:18  Drone  
  18  1:21  Drone  
  19  1:35  Extractor  
  18  1:44  Drone x2  
  20  1:51  Overlord  
  20  2:02  Drone  
  20  2:06  Queen x2  
  20  2:07  Zergling x2  
  26  2:13  Drone  
  26  2:15  Zergling x2  
  28  2:32  Drone x2  
  29  2:45  Drone  
  29  2:46  Drone x2  
  29  2:48  Metabolic Boost  
  29  2:50  Overlord  
  32  2:56  Queen  
  32  2:58  Overlord  
  34  3:09  Drone  
  34  3:10  Drone x2  
  37  3:15  Pneumatized Carapace  
  37  3:23  Drone x5  
  37  3:24  Drone x2  
  44  3:30  Drone  
  45  3:39  Extractor  
  45  3:41  Extractor  
  43  3:44  Evolution Chamber  
  43  3:46  Baneling Nest  
  43  3:47  Roach Warren  
  43  3:48  Drone x3  
  43  3:53  Overlord x2  
  43  4:16  Zerg Melee Weapons Level 1  
  43  4:25  Drone x10  
  43  4:29  Roach  
  55  4:33  Lair  
  55  4:52  Roach x2  
  65  4:53  Roach x3  
  64  5:17  Queen  
  66  5:27  Hatchery  
  65  5:31  Overlord x3  
  65  5:40  Spore Crawler x2  
  63  5:43  Spore Crawler  
  63  5:45  Spore Crawler x2  
  63  5:47  Spore Crawler  
  63  5:48  Drone  
  60  5:50  Drone x2  
  60  5:51  Drone  
  60  5:52  Queen, Drone  
  66  6:07  Hydralisk Den, Extractor  
  64  6:12  Zerg Melee Weapons Level 2  
  64  6:20  Queen  
  64  6:22  Evolution Chamber  
  65  6:28  Queen  
  67  6:38  Roach x8  
  67  6:39  Roach x3  
  89  6:40  Overlord x7  
  89  6:57  Queen  
  91  7:18  Spore Crawler  
  91  7:20  Spore Crawler  
  89  7:22  Spore Crawler  
  89  7:24  Zerg Ground Armor Level 1  
  89  7:28  Overlord x4  
  88  7:36  Drone  
  88  7:37  Drone x11  
  100  7:46  Grooved Spines  
  100  8:06  Hatchery  
  100  8:10  Spire  
  98  8:19  Drone  
  97  8:20  Drone x12  
  107  8:35  Extractor  
  107  8:36  Extractor  
  105  8:58  Muscular Augments  
  103  9:08  Drone x2  
  104  9:21  Infestation Pit  
  104  9:24  Zerg Flyer Armor Level 1, Zerg Ground Armor Level 2  
  103  9:26  Zerg Missile Weapons Level 1  
  103  9:34  Drone  
  103  9:35  Drone x15  
  119  9:57  Spore Crawler  
  119  9:58  Spore Crawler  
  119  9:59  Spore Crawler  
  116  10:01  Spine Crawler x2  
  116  10:03  Extractor x2  
  116  10:05  Drone x15  
  127  10:30  Hive  
  127  10:59  Corruptor x2  
  127  11:00  Corruptor x13  
  127  11:01  Corruptor x3  
  155  11:04  Hatchery  
  155  11:10  Corruptor x3  
  154  11:12  Overlord x4  
  152  11:30  Corruptor x3  
  128  11:59  Hatchery  
  125  12:01  Zerg Flyer Armor Level 2  
  125  12:12  Ultralisk Cavern  
  124  12:20  Corruptor x3  
  130  12:33  Spore Crawler x2  
  130  12:34  Spore Crawler  
  127  12:46  Queen x3  
  133  13:22  Chitinous Plating  
  133  13:26  Ultralisk x4  
  157  13:28  Corruptor  
  141  13:53  Ultralisk  
  141  13:54  Ultralisk  
  149  14:26  Ultralisk x2  
  149  14:27  Zergling x10  
  149  14:29  Overlord x6  
  149  14:30  Overlord  
  166  14:38  Zerg Flyer Armor Level 3  
  166  14:41  Anabolic Synthesis  
  166  14:55  Drone x3  
  166  14:59  Adrenal Glands  
  169  15:01  Spine Crawler  
  169  15:03  Spine Crawler  
  169  15:04  Spine Crawler  
  163  15:17  Drone x3  
  163  15:18  Drone x3  
  164  15:23  Corruptor x7  
  143  16:00  Corruptor x3  
  143  16:01  Corruptor x2  
  153  16:07  Neural Parasite  
  153  16:12  Extractor  
  153  16:13  Extractor  
  153  16:16  Hatchery  
  150  16:59  Corruptor  
  150  17:00  Corruptor x3  
  158  17:02  Zergling x2  
  158  17:03  Zergling x20  
  169  17:15  Queen x2  
  169  17:16  Queen x2  
  164  17:46  Corruptor x9  
  158  17:53  Corruptor  
  101  18:38  Spire  
  61  18:43  Drone  
  56  18:53  Zergling x26  
  62  19:09  Lair  
  55  19:26  Hatchery  
  38  19:52  Corruptor x8  
  40  19:54  Corruptor x2  
Tags
 
Add a new tag
Caveats
  • Supply blocks, unpowered buildings, or Contaminate may cause inaccurate times.
  • Supply counts are checked every 10 seconds.